 Dungeon Crawl Stone Soup version 0.22-b1-26-g9dbaab1 (webtiles) character file.

162 goulibeur the Distorting Demonspawn (level 5, 0/42 HPs)
             Began as a Demonspawn Abyssal Knight on Aug 7, 2018.
             Was a Believer of Lugonu.
             Slain by Sigmund
             ... wielding a +0 scythe
              (7 damage)
             ... on level 3 of the Dungeon.
             The game lasted 00:10:15 (3303 turns).

goulibeur the Distorting Demonspawn (DsAK)          Turns: 3303, Time: 00:10:15

Health: 0/42       AC: 11    Str: 13    XL:     5   Next: 19%
Magic:  0/8        EV:  8    Int: 13    God:    Lugonu [**....]
Gold:   150        SH:  0    Dex: 13    Spells: 4/4 levels left

rFire    . . .     SeeInvis .   t - +0 war axe
rCold    . . .     Gourm    .   (no shield)
rNeg     . . .     Faith    .   g - +0 chain mail
rPois    .         Spirit   +   (no helmet)
rElec    .         Reflect  .   k - +0 cloak
rCorr    .         Harm     .   s - +0 pair of gloves
MR       .....                  (no boots)
Stlth    ..........             (no amulet)
HPRegen  0.14/turn              (no ring)
MPRegen  0.11/turn              (no ring)

@: no status effects
A: repulsion field 1, magic shield
a: Depart the Abyss, Bend Space, Renounce Religion


You were on level 3 of the Dungeon.
You worshipped Lugonu.
Lugonu was pleased with you.
You were not hungry.

You visited 1 branch of the dungeon, and saw 3 of its levels.
You visited the Abyss 1 time.

You collected 150 gold pieces.

Inventory:

Hand Weapons
 a - a +1 short sword
 t - a +0 war axe (weapon)
Armour
 b - a +0 leather armour
 g - a +0 chain mail (worn)
 k - a +0 cloak (worn)
 s - a +0 pair of gloves (worn)
Scrolls
 e - a scroll of remove curse {unknown}
 h - a scroll of enchant armour {unknown}
 j - 2 scrolls of teleportation {unknown}
 l - a scroll of identify {unknown}
 m - 2 scrolls of immolation {unknown}
 p - 2 scrolls of magic mapping {unknown}
 q - a scroll of amnesia {unknown}
Potions
 f - 2 potions of brilliance {unknown}
 i - 2 potions of degeneration {unknown}
 n - a potion of magic {unknown}
 o - a potion of curing {unknown}
 r - a potion of heal wounds {unknown}
Comestibles
 c - 11 rations
 d - a chunk of flesh


   Skills:
 + Level 3.7 Fighting
 - Level 1.7 Short Blades
 + Level 2.6 Armour
 + Level 2.1 Dodging
 * Level 4.9 Invocations


You had 4 spell levels left.
You didn't know any spells.
Your spell library was empty.

Dungeon Overview and Level Annotations

Branches:
Dungeon (3/15)

Altars:
Hepliaklqana
Nemelex Xobeh

Annotations:
D:3 Sigmund


Innate Abilities, Weirdness & Mutations

You are surrounded by a mild repulsion field. (EV +2)
When hurt, damage is shared between your health and your magic reserves.


Message History

You closely miss something. Something hits you!
* * * LOW HITPOINT WARNING * * *
You miss something. Something hits you but does no damage.
You miss something. Something hits you but does no damage.
You miss something. Something hits you.
* * * LOW HITPOINT WARNING * * *
You closely miss something. Something hits you but does no damage.
You miss something. Something hits you but does no damage.
You closely miss something. Something hits you but does no damage.
You miss something. Something hits you but does no damage.
You miss something. Something hits you.
* * * LOW HITPOINT WARNING * * *
You miss something.
You hear some strange, mumbled words.
A magic dart appears from out of thin air!
The magic dart hits you!
* * * LOW HITPOINT WARNING * * *
You miss something. Something hits you but does no damage.
You closely miss something. Something hits you!
You die...

... #.#....#..#.##.#....#
...#.........#.##.'...8#
###.###.####.##.####....#
.....#.####.##.# #.....
..##.#.#......##.# ##.⌠._
.......)########.## #....
##..$....w# #...# ##..#
)....#..#{# #...########
##.. #..#@# #...#(...)).
#. #..#.#####...#.##.##.
# #..#.#............##.
..................##.
......#...........###.
##.#.######...#...)..(
#.#. #........###### . ..
#..#...#.# # # ##
#..#...#.# #


You could see a worm.

Vanquished Creatures
  An orc priest (D:3)
  Natasha (D:2)
  3 adders
  2 dart slugs (D:1)
  7 leopard geckos
  4 orcs (D:3)
  A giant cockroach (D:1)
  13 goblins
  4 hobgoblins
  A quokka (D:2)
  9 bats
  8 frilled lizards
  5 kobolds
  12 rats
71 creatures vanquished.

Notes
Turn   | Place    | Note
-------+----------+-------------------------------------------
     0 | Abyss:1  | goulibeur the Demonspawn Abyssal Knight began the quest for the Orb.
     0 | Abyss:1  | Reached XP level 1. HP: 18/18 MP: 2/2
    24 | Abyss:1  | Found a corrupted altar of Lugonu.
    70 | Abyss:1  | Noticed an orange demon
    71 | D:1      | Escaped the Abyss
    77 | D:1      | Reached skill level 1 in Dodging
   297 | D:1      | Reached skill level 3 in Invocations
   297 | D:1      | Gained mutation: When hurt, damage is shared between your health and your magic reserves. [demonic ancestry]
   297 | D:1      | Reached XP level 2. HP: 24/24 MP: 2/4
   378 | D:1      | Reached * piety under Lugonu
   858 | D:1      | Reached XP level 3. HP: 29/29 MP: 3/5
  1611 | D:2      | Reached ** piety under Lugonu
  1745 | D:2      | Noticed Natasha
  1768 | D:2      | Killed Natasha
  1768 | D:2      | Reached skill level 4 in Invocations
  1768 | D:2      | Gained mutation: You are surrounded by a mild repulsion field. (EV +2) [demonic ancestry]
  1768 | D:2      | Reached XP level 4. HP: 6/35 MP: 1/7
  2613 | D:3      | HP: 1/36 [orc priest/nerve-wracking pain (5)]
  2614 | D:3      | Reached XP level 5. HP: 2/42 MP: 1/8
  2701 | D:3      | HP: 2/42 [poisoned by a kobold]
  3237 | D:3      | Found a sparkling altar of Nemelex Xobeh.
  3238 | D:3      | Found a hazy altar of Hepliaklqana.
  3257 | D:3      | Noticed Sigmund
  3303 | D:3      | Slain by Sigmund

Skill      XL: |  1  2  3  4 |
---------------+-------------+-----
Dodging        | 1 2 |  2.1
Invocations    | 3 4 |  4.9
Armour         | 2 |  2.6
Fighting       | |  3.7
Short Blades   | |  1.7

Action                   |  1- 3 |  4- 6 || total
-------------------------+-------+-------++-------
Melee: Short sword       |   179 |    53 ||   232
       War axe           |       |    75 ||    75
Invok: Depart the Abyss  |     1 |       ||     1
  Eat: Chunk             |     3 |     5 ||     8
Armor: Leather armour    |     5 |       ||     5
       Chain mail        |    93 |    74 ||   167
Dodge: Dodged            |    58 |    39 ||    97
